 Dungeon Crawl Stone Soup version 0.17-a0-1838-g891d947 (webtiles) character file.

100 Medved the Gusty (level 4, 0/33 HPs)
             Began as a Demigod Air Elementalist on Sept 15, 2015.
             Slain by Grinder (2 damage)
             ... on level 3 of the Dungeon.
             The game lasted 00:08:21 (2698 turns).

Medved the Gusty (Demigod Air Elementalist)         Turns: 2698, Time: 00:08:21

Health: 0/33       AC:  2    Str: 11    XL:     4   Next: 23%
Magic:  0/10       EV: 12    Int: 21    God:
Gold:   96         SH:  0    Dex: 16    Spells: 1 memorised, 7 levels left

rFire  . . .     SeeInvis .     (no weapon)
rCold  . . .     Clarity  .     a - +0 robe
rNeg   . . .     SustAt   +     (no shield)
rPois  .         Gourm    .     (no helmet)
rElec  .         Spirit   .     (no cloak)
rCorr  .         Warding  .     (no gloves)
rMut   .         Stasis   .     (no boots)
MR     .....                    (no amulet)
Stlth  ++........               (no ring)
                                (no ring)

@: very slightly contaminated, not resistant to hostile enchantments, unstealthy
A: high mp 1, sustain attributes
a: no special abilities


You were on level 3 of the Dungeon.
You were not hungry.

You visited 1 branch of the dungeon, and saw 3 of its levels.

You collected 96 gold pieces.

Inventory:

Armour
 a - a +0 robe (worn)
Scrolls
 e - a scroll of identify {unknown}
 i - a scroll of recharging {unknown}
 j - a scroll of noise {unknown}
 k - a scroll of fog {unknown}
 l - a scroll of random uselessness {unknown}
Potions
 d - a potion of magic {unknown}
 f - a potion of curing {unknown}
 g - a potion of mutation {unknown}
 m - a potion of ambrosia {unknown}
Books
 b - a book of Air

   Spells                             Type                      Level
   a - Shock                          Conjuration/Air              1
   b - Swiftness                      Charms/Air                   2
   c - Repel Missiles                 Charms/Air                   2
   d - Static Discharge               Conjuration/Air              3
   e - Lightning Bolt                 Conjuration/Air              5
Comestibles
 h - a beef jerky


   Skills:
 + Level 2.0 Dodging
 - Level 1.7 Stealth
 + Level 2.5 Spellcasting
 + Level 1.5 Conjurations
 * Level 4.0 Air Magic


You had 7 spell levels left.
You knew the following spells:

 Your Spells              Type           Power        Failure   Level  Hunger
a - Shock                 Conj/Air       ##..         6%          1    None


Dungeon Overview and Level Annotations

Branches:
Dungeon (3/15)

Annotations:
D:3 Grinder


Innate Abilities, Weirdness & Mutations

You have an increased reservoir of magic (+10% MP).
Your attributes are resistant to harm.


Message History

Grinder is moderately wounded.
The giant newt barely misses you.
Casting: Shock
Confirm with . or Enter, or press ? or * to list all spells.
Aiming: Shock
Press: ? - help, Shift-Dir - straight line, f/p - Grinder
Aim: Grinder (moderately wounded)
You miscast Shock.
Your skin tingles.
Grinder closely misses you. The giant newt closely misses you.
You miss the giant newt. Grinder hits you!
You writhe in agony.
The giant newt bites you but does no damage.
You closely miss the giant newt. Grinder gestures at you.
Pain shoots through your body!
* * * LOW HITPOINT WARNING * * *
The giant newt bites you but does no damage.
You hit the giant newt.
The giant newt is heavily wounded.
Grinder hits you.
You die...

....... .#....? .......
. ....... .......
..........######.......
....##................
..............<.....##
....##...............#
.##..........5.......#
##. #.##.......l@.......
#.. #..#...............#
#.###...................
#.#...#.................
#...####................
#.### #.#.....#........
#.# #..#.....#..#.....
#.# ..######.?.##.....
..## # ..


You could see Grinder and a giant newt.

Vanquished Creatures
  Ijyb (D:2)
  An ooze (D:1)
  2 worms
  An orc (D:3)
  A ball python (D:1)
  7 bats
  8 giant cockroaches
  6 goblins (D:1)
  6 hobgoblins
  6 jackals (D:1)
  2 quokkas (D:2)
  2 giant newts (D:2)
  8 kobolds
  7 rats
58 creatures vanquished.

Notes
Turn   | Place    | Note
--------------------------------------------------------------
     0 | D:1      | Medved the Demigod Air Elementalist began the quest for the Orb.
     0 | D:1      | Reached XP level 1. HP: 14/14 MP: 5/5
     1 | D:1      | Found a runed door.
   114 | D:1      | Reached skill level 3 in Air Magic
   381 | D:1      | Reached XP level 2. HP: 20/20 MP: 5/7
   857 | D:2      | Reached skill level 1 in Conjurations
  1164 | D:2      | Reached XP level 3. HP: 22/26 MP: 4/8
  1346 | D:2      | Noticed Ijyb
  1357 | D:2      | Killed Ijyb
  1475 | D:2      | Found a burning altar of Makhleb.
  1764 | D:2      | Found a blossoming altar of Fedhas.
  1786 | D:3      | Noticed Grinder
  1789 | D:3      | Paralysed by Grinder for 4 turns
  2168 | D:1      | Reached XP level 4. HP: 11/33 MP: 1/10
  2430 | D:3      | Paralysed by Grinder for 4 turns
  2624 | D:3      | Reached skill level 4 in Air Magic
  2672 | D:3      | Paralysed by Grinder for 7 turns
  2698 | D:3      | Slain by Grinder

Vault maps used:
D:1:      dpeg_arrival_caged_fury
D:2:      lemuel_round_altar, fedhas_altar_4, uniq_iyjb
D:3:      nicolae_overflow_crystal_walls, evilmike_ruin_ashenzari, uniq_grinder

Action                   |  1- 3 |  4- 6 || total
-------------------------+-------+-------++-------
Melee: Unarmed           |    13 |     3 ||    16
 Cast: Shock             |    94 |    41 ||   135
  Eat: Chunk             |     3 |       ||     3
       Bread ration      |       |     1 ||     1
